 Dungeon Crawl Stone Soup version 0.31-a0-182-gc5ef74bbde (webtiles) character file.

Game seed: 10832304339649358290

219 Hajna the Chopper (level 5, -1/47 HPs)
             Began as a Hill Orc Monk on June 21, 2023.
             Was a Believer of Beogh.
             Slain by an orc wizard
             ... wielding a +0 dagger
              (2 damage)
             ... on level 6 of the Dungeon.
             The game lasted 00:08:19 (2963 turns).

Hajna the Chopper (Hill Orc Monk)                   Turns: 2963, Time: 00:08:23

Health: -1/47      AC:  2    Str: 16    XL:     5   Next: 96%
Magic:  5/5        EV: 14    Int: 10    God:    Beogh [**....]
Gold:   209        SH:  0    Dex: 19    Spells: 1/4 levels left

rFire   . . .        n - +0 battleaxe
rCold   . . .        (shield currently unavailable)
rNeg    . . .        b - +0 robe
rPois   .            (no helmet)
rElec   .            (no cloak)
rCorr   .            (no gloves)
SInv    .            (no boots)
Will    .....        (no amulet)
Stlth   ++           f - +6 ring of dexterity
HPRegen 0.27/turn    (no ring)
MPRegen 0.09/turn

%: no passive effects
@: attractive
A: no striking features
a: Renounce Religion, Smiting


You were on level 6 of the Dungeon.
You worshipped Beogh.
Beogh was pleased with you.
You visited 1 branch of the dungeon, and saw 6 of its levels.

You collected 209 gold pieces.

Inventory:

Hand Weapons
 a - a +0 hand axe
 n - a +0 battleaxe (weapon)
Missiles
 c - 4 silver javelins
 p - 2 poisoned darts (quivered)
 q - a throwing net
Armour
 b - a +0 robe (worn)
 d - an orb of light
Jewellery
 f - a +6 ring of dexterity (left hand)
 k - a +6 ring of intelligence
Scrolls
 e - 5 scrolls of identify {unknown}
 g - a scroll of teleportation {unknown}
 h - 2 scrolls of fear {unknown}
 j - a scroll of amnesia {unknown}
 m - a scroll of noise {unknown}
 o - a scroll of immolation {unknown}
Potions
 i - a potion of brilliance
 l - a potion of heal wounds {unknown}
 r - a potion of attraction


   Skills:
 + Level 4.8 Fighting
 + Level 6.0 Axes
 + Level 3.5 Dodging
 + Level 0.2 Stealth
 * Level 1.0 Air Magic


You had one spell level left.
You knew the following spells:

 Your Spells              Type           Power      Damage    Failure   Level
a - Swiftness             Air            2%         N/A       58%         3

Your spell library contained the following spells:

 Spells                   Type           Power      Damage    Failure   Level
 Shock                    Conj/Air       4%         1d3       30%         1
 Sandblast                Erth           0%         2d4       36%         1
 Passwall                 Tmut/Erth      0%         N/A       50%         2
 Dazzling Flash           Conj/Hex       0%         N/A       75%         3
 Stone Arrow              Conj/Erth      0%         3d7       75%         3
 Volatile Blastmotes      Fire/Tloc      0%         2d10      75%         3
 Airstrike                Air            1%         2d(1-17)  94%         4
 Iskenderun's Mystic Bla  Conj/Tloc      0%         2d3       98%         4
 Starburst                Conj/Fire      0%         6d3       100%        6


Dungeon Overview and Level Annotations

Branches:
Dungeon (6/15)
 Temple: D:4-7

Altars:
Cheibriados
Nemelex Xobeh

Shops:
D:2 (

Annotations:
D:5 Edmund


Message History

You barely miss the orc.
The orc hits you from afar with a +0 spear.
The orc barely misses you.
You barely miss the orc. The orc barely misses you. The orc closely misses you.
You hit the orc.
The orc is almost dead.
The orc misses you. x2; The orc hits you with a +0 hand axe.
An orc comes into view. It is wielding a +0 dagger.
You closely miss the orc.
The orc is almost dead.
The orc hits you from afar with a +0 spear.
The orc misses you.
You barely miss the orc.
The orc is severely wounded.
The orc barely misses you. The orc closely misses you.
The orc hits you from afar with a +0 spear.
The orc completely misses you.
You barely miss the orc.
The orc is severely wounded.
The orc misses you. The orc hits you with a +0 hand axe!
* * * LOW HITPOINT WARNING * * *
You closely miss the orc.
The orc is severely wounded.
The orc misses you. The orc closely misses you.
The orc shouts!
You slash the orc!
You kill the orc!
Beogh accepts your kill. The orc hits you but does no damage.
The orc hits you from afar with a +0 spear.
* * * LOW HITPOINT WARNING * * *
Something hits you.
* * * LOW HITPOINT WARNING * * *
It was a potion of attraction.
You feel attractive to monsters.
The orc hits you from afar with a +0 spear.
* * * LOW HITPOINT WARNING * * *
Something hits you.
You die...
Beogh appreciates something's killing of a heretic priest.

##.o(... .......
##..... #.....##
#..(...# #.....#
######...#
+.....#o####
#..o)@.# #.#.##.#
.# #.#.##.### .#
#.......... ## ##.#
####.#.##.####
.###..###..#.#.##.#
#.#...............#
#...#.##...########
#.#........##


You could see 2 orcs.

Vanquished Creatures
  A bullfrog (D:6)
  A hound (D:4)
  4 adders
  A worm (D:3)
  A dart slug (D:3)
  5 orcs
  9 ball pythons
  6 endoplasms
  5 giant cockroaches
  7 goblins
  10 hobgoblins
  2 jackals (D:1)
  5 quokkas
  3 bats
  2 frilled lizards (D:1)
  8 kobolds
  10 rats
80 creatures vanquished.

Notes
Turn   | Place    | Note
-------+----------+-------------------------------------------
     0 | D:1      | Hajna the Hill Orc Monk began the quest for the Orb.
     0 | D:1      | Reached XP level 1. HP: 19/19 MP: 1/1
    72 | D:1      | Reached XP level 2. HP: 27/27 MP: 2/2
   347 | D:1      | Reached XP level 3. HP: 29/33 MP: 3/3
   823 | D:2      | Reached skill level 5 in Axes
   885 | D:2      | Found a faded altar of an unknown god.
  1224 | D:2      | Reached XP level 4. HP: 39/41 MP: 4/4
  1248 | D:2      | Found Ytoqi's Antique Weapon Boutique.
  1374 | D:2      | Became a worshipper of Beogh the Brigand
  1374 | D:2      | Reached * piety under Beogh
  1374 | D:2      | Reached ** piety under Beogh
  1546 | D:3      | Learned a level 3 spell: Swiftness
  1650 | D:3      | Found a snail-covered altar of Cheibriados.
  2194 | D:3      | Found a sparkling altar of Nemelex Xobeh.
  2660 | D:4      | Reached XP level 5. HP: 20/47 MP: 5/5
  2817 | D:4      | You fall into a shaft and drop 2 floors!
  2829 | D:5      | Entered Level 5 of the Dungeon
  2831 | D:5      | Noticed Edmund
  2938 | D:6      | Reached skill level 1 in Air Magic
  2945 | D:6      | Reached skill level 6 in Axes
  2963 | D:6      | HP: 1/47 [orc/+0 spear (4)]
  2963 | D:6      | Slain by an orc wizard

Illustrated notes

Levels and vault maps discovered:
D:1:      amcnicky_arrival_gap_in_the_tavern_cellar, layout_loops_ring,
          serial_bayou_lagoon_a
D:2:      cheibrodos_pilgrimage, layout_basic, shapermc_ecumenical_altar_gd,
          serial_shops, shop
D:3:      layout_loops_corners, nemelex_spade_bored_becter,
          kennysheep_slug_shrine, serial_bayou, serial_bayou_shore_a,
          serial_bayou_lagoon_b, serial_bayou_ford_a, serial_bayou_pond_c
D:4:      layout_rooms, minmay_shop_grid_forest
D:5:      layout_loops_ring, nicolae_elyvilon_temple_path,
          chequers_temple_overflow_statue_of_worship, lightli_temple_of_fire,
          uniq_grinder, uniq_edmund
D:6:      layout_loops_cross, trog_butcher_becter, temple_doors_e, serial_shops,
          shop, uniq_menkaure

Skill      XL: |  1  2  3  4  5 |
---------------+----------------+-----
Fighting       | 4 |  4.8
Axes           | 5 6 |  6.0
Dodging        | 3 |  3.5
Air Magic      | 1 |  1.0
Stealth        | |  0.2

Action                     |  1- 3 |  4- 6 || total
---------------------------+-------+-------++-------
  Melee: Hand axe          |   123 |    16 ||   139
         Battleaxe         |       |    88 ||    88
  Throw: Dart              |       |     3 ||     3
 Invoke: Convert to Beogh  |       |     1 ||     1
    Use: Potion            |     2 |     1 ||     3
   Stab: Sleeping          |       |     1 ||     1
 Armour: Robe              |    23 |    17 ||    40
  Dodge: Dodged            |    97 |    93 ||   190

Table legend: (Time is in decaauts)
 A = Elapsed time spent in this place.
 B = Non-inter-level travel time spent in this place.
 C = Inter-level travel time spent in this place.
 D = Time resting spent in this place.
 E = Time spent auto-exploring this place.
 F = Levels seen in this place.
 G = Mean time per level.
                   A        B        C        D        E       F      G
               +--------+--------+--------+--------+--------+-----+--------+
         Total |   3071 |   2952 |    119 |      0 |   2402 |   6 |  511.8 |
       Dungeon |   3071 |   2952 |    119 |      0 |   2402 |   6 |  511.8 |
               +--------+--------+--------+--------+--------+-----+--------+

Top non-repeatable levels by time:
     D:3: 1163 daAuts
     D:1: 823 daAuts
     D:2: 729 daAuts
     D:4: 201 daAuts
     D:6: 147 daAuts
     D:5: 5 daAuts
